 Dungeon Crawl Stone Soup version 0.23-a0-183-gf37f6fb (webtiles) character file.

52 galech the Skirmisher (level 3, 0/29 HPs)
             Began as a Demonspawn Fighter on Sept 21, 2018.
             Succumbed to an adder's poison
             ... on level 2 of the Dungeon.
             The game lasted 00:02:09 (1087 turns).

galech the Skirmisher (Demonspawn Fighter)          Turns: 1087, Time: 00:02:10

Health: 0/29       AC:  7    Str: 18 (21) XL:     3   Next: 60%
Magic:  3/3        EV:  7    Int:  7 (9)  God:
Gold:   69         SH:  8    Dex:  9 (10) Spells: 2/2 levels left

rFire    . . .     SeeInvis .   a - +0 war axe
rCold    . . .     Gourm    .   c - +0 shield
rNeg     . . .     Faith    .   k - +0 scale mail (curse)
rPois    .         Spirit   +   e - +0 helmet
rElec    .         Reflect  .   (no cloak)
rCorr    .         Harm     .   (no gloves)
MR       .....                  (no boots)
Stlth    +.........             (no amulet)
HPRegen  0.09/turn              b - -3 ring of dexterity (curse)
MPRegen  0.16/turn              g - ring of stealth

@: mighty, lethally poisoned (0 -> -6)
A: magic shield, magic regeneration
a: no special abilities


You were on level 2 of the Dungeon.
You were not hungry.

You visited 1 branch of the dungeon, and saw 2 of its levels.

You collected 69 gold pieces.

Inventory:

Hand Weapons
 a - a +0 war axe (weapon)
Armour
 c - a +0 shield (worn)
 e - a +0 helmet (worn)
 k - a cursed +0 scale mail (worn)
Jewellery
 b - a cursed -3 ring of dexterity (left hand)
 g - a ring of stealth (right hand)
Scrolls
 i - 2 scrolls of identify {unknown}
 l - a scroll of enchant armour {unknown}
 m - a scroll of noise {unknown}
Potions
 h - 2 potions of degeneration
Comestibles
 f - 2 rations


   Skills:
 + Level 3.3 Fighting
 + Level 2.3 Axes
 + Level 3.1 Armour
 + Level 0.2 Dodging
 + Level 3.2 Shields


You had 2 spell levels left.
You didn't know any spells.
Your spell library was empty.

Dungeon Overview and Level Annotations

Branches:
Dungeon (2/15)

Altars:
Gozag


Innate Abilities, Weirdness & Mutations

When hurt, damage is shared between your health and your magic reserves.
You regenerate magic rapidly.


Message History

You feel sick. The adder bites you.
* * * LOW HITPOINT WARNING * * *
You are more poisoned.
The adder poisons you!
You slash the adder!
You kill the adder!
* * * LOW HITPOINT WARNING * * *
You feel sick.
You slash the giant cockroach!
You kill the giant cockroach!
* * * LOW HITPOINT WARNING * * *
You feel sick.
The kobold throws a stone.
The stone hits you but does no damage. You block the kobold's attack.
You see here an adder corpse.
You slash the kobold!
You kill the kobold!
* * * LOW HITPOINT WARNING * * *
You feel sick.
You die...

#. ...PP..#..#####..# .
##. #..P.............# ..
..###.........#####.##
#.##..........#..#####.#
......................#
...##.†#..###.#.#.#######
.......(..# #.#.#.#
....#..#..###.#.#.#
.........@†(......#
...#...#..###.#...#
.......#..# #.#...#
.#......... ..#...#
..(...###.#####...#
.##.#. #.# ##..# #. #.#
#..# #.# #)##


There were no monsters in sight!

Vanquished Creatures
  2 adders (D:2)
  A dart slug (D:1)
  A leopard gecko (D:1)
  A ball python (D:1)
  2 giant cockroaches (D:2)
  4 goblins
  4 hobgoblins
  2 jackals (D:1)
  5 kobolds
  A quokka (D:2)
  A frilled lizard (D:2)
  6 rats (D:1)
30 creatures vanquished.

Notes
Turn   | Place    | Note
-------+----------+-------------------------------------------
     0 | D:1      | galech the Demonspawn Fighter began the quest for the Orb.
     0 | D:1      | Reached XP level 1. HP: 18/18 MP: 1/1
    49 | D:1      | Gained mutation: When hurt, damage is shared between your
                  | health and your magic reserves. [demonic ancestry]
    49 | D:1      | Reached XP level 2. HP: 10/24 MP: 2/2
   726 | D:2      | Gained mutation: You regenerate magic rapidly. [demonic
                  | ancestry]
   726 | D:2      | Reached XP level 3. HP: 6/29 MP: 0/3
   731 | D:2      | Found an opulent altar of Gozag.
  1086 | D:2      | HP: 1/29 [poisoned by an adder]
  1087 | D:2      | Succumbed to an adder's poison

Vault maps used:
D:1:      dpeg_arrival_ratfight, roderic_serpentine_path
D:2:      kiku_gazebo_garden_becter, lemuel_coloured_pillars_altar,
          grunt_gozag_breadcrumbs

Skill      XL: |  1  2 |
---------------+-------+-----
Axes           | 2 |  2.3
Armour         | 3 |  3.1
Shields        | 3 |  3.2
Fighting       | |  3.3
Dodging        | |  0.2

Action                   || total
-------------------------++-------
Melee: War axe           ||   134
  Use: Scroll            ||     2
       Potion            ||     3
  Eat: Chunk             ||     1
Armor: Scale mail        ||    71
Dodge: Dodged            ||    57
Block: Shield            ||    65

Table legend:
 A = Non-vault XP
 B = Vault XP
 C = Vault XP percentage of total XP
 D = Non-vault monster count
 E = Vault monster count
 F = Vault count percentage of total count
                 A         B        C        D         E       F
            +---------+---------+-------+---------+---------+-------
      Total |      70 |       5 |   6.7 |      25 |       5 |  16.7
            +---------+---------+-------+---------+---------+-------
        D:1 |      31 |       5 |  13.9 |      15 |       5 |  25.0
        D:2 |      39 |       0 |   0.0 |      10 |       0 |   0.0
            +---------+---------+-------+---------+---------+-------
